 Dungeon Crawl Stone Soup version 0.24.0-125-gc4c63601f3 (webtiles) character file.

Game seed: 15378828279835045376, levelgen mode: deterministic

243 ANON1729 the Digger (level 6, -3/38 HPs)
             Began as an Octopode Earth Elementalist on Feb 23, 2020.
             Killed by nerve-wracking pain
             ... invoked by Grinder
              (7 damage)
             ... while paralysed by Grinder
             ... on level 3 of the Dungeon.
             The game lasted 00:07:22 (3744 turns).

ANON1729 the Digger (Octopode Earth Elementalist)   Turns: 3744, Time: 00:07:22

Health: -3/38      AC:  1    Str:  7    XL:     6   Next: 9%
Magic:  9/10       EV:  2    Int: 20    God:
Gold:   130        SH:  0    Dex: 12    Spells: 1/11 levels left

rFire    . . .     SeeInvis .   i - +0 dagger (venom)
rCold    . . .     Gourm    .   (no shield)
rNeg     . . .     Faith    .   (helmet restricted)
rPois    .         Spirit   .   (no amulet)
rElec    .         Reflect  .   (no ring)
rCorr    .         Harm     .   (no ring)
MR       .....                  (no ring)
Stlth    +++.......             (no ring)
HPRegen  0.12/turn              (no ring)
MPRegen  0.12/turn              (no ring)
                                (no ring)
                                (no ring)

@: paralysed
A: almost no armour, stealthy swim, amphibious, 8 rings, constrict 8, camouflage
1, gelatinous body 1
a: no special abilities


You were on level 3 of the Dungeon.
You were not hungry.

You visited 1 branch of the dungeon, and saw 3 of its levels.

You collected 130 gold pieces.

Inventory:

Hand Weapons
 a - a +0 dagger
 d - a +0 club
 i - a +0 dagger of venom (weapon)
Missiles
 b - 124 stones (quivered)
Wands
 q - a wand of paralysis (5)
Scrolls
 f - 3 scrolls of remove curse {unknown}
 g - 5 scrolls of identify {unknown}
 l - a scroll of teleportation {unknown}
 m - a scroll of amnesia {unknown}
 n - a scroll of enchant weapon {unknown}
 p - a scroll of immolation {unknown}
 r - a scroll of magic mapping {unknown}
 s - a scroll of blinking {unknown}
Potions
 e - a potion of mutation {unknown}
 h - a potion of lignification {unknown}
 j - 2 potions of agility
 k - a potion of brilliance {unknown}
 o - 3 potions of heal wounds {unknown}
Comestibles
 c - 5 rations
 t - 2 chunks of flesh


   Skills:
 + Level 1.6 Fighting
 + Level 1.4 Short Blades
 + Level 2.7 Dodging
 + Level 4.1 Stealth
 * Level 3.3 Spellcasting
 + Level 1.2 Transmutations
 * Level 4.2 Earth Magic


You had one spell level left.
You knew the following spells:

 Your Spells              Type           Power        Failure   Level  Hunger
a - Sandblast             Erth           ###...       2%          1    None
b - Passwall              Tmut/Erth      ##......     7%          2    ##.....
c - Stone Arrow           Conj/Erth      ##....       17%         3    ###....
d - Petrify               Tmut/Erth      ##......     41%         4    ####...

Your spell library contained the following spells:

 Spells                   Type           Power        Failure   Level  Hunger
 Magic Dart               Conj           #...         14%         1    None
 Blink                    Tloc           N/A          22%         2    ##.....
 Call Imp                 Summ           #.......     22%         2    ##.....
 Slow                     Hex            #.......     22%         2    ##.....
 Conjure Flame            Conj/Fire      #.......     38%         3    ###....
 Mephitic Cloud           Conj/Pois/Air  #.......     38%         3    ###....
 Lee's Rapid Deconstruct  Erth           ###.......   56%         5    ######.


Dungeon Overview and Level Annotations

Branches:
Dungeon (3/15)

Altars:
Gozag
Okawaru
Ru
Sif Muna
Trog
Uskayaw

Annotations:
D:3 Grinder


Innate Abilities, Weirdness & Mutations

You cannot wear most types of armour.
You are very stealthy in the water. (Stealth+)
You are amphibious.
You can wear up to eight rings at the same time.
You can use your tentacles to constrict eight enemies at once.
Your skin changes colour to match your surroundings (Stealth+).
Your rubbery body absorbs attacks. (AC +1, EV +1)


Message History

Press: ? - help, Shift-Dir - straight line, f - Grinder
Aim: Grinder (chance to defeat MR: 46%) Grinder resists with some effort.
Grinder gestures at you. You resist with significant effort.
Evoke which item? (* to show all) (? for menu, Esc to quit)
Aiming: Paralyse
Press: ? - help, Shift-Dir - straight line, f/p - Grinder
Aim: Grinder (chance to defeat MR: 46%) Grinder resists with some effort.
Grinder gestures at you.
You suddenly lose the ability to move!
Grinder hits you.
You writhe in agony.
Grinder hits you!
* * * LOW HITPOINT WARNING * * *
You writhe in agony.
* * * LOW HITPOINT WARNING * * *
Grinder gestures at you. Pain shoots through your body!
You die...

########.# #.#
......##.# #.#
#####.##.# #.#
#.##.###.#####
#.##.........#
#####.######.###.#
....#.##.....# #.#
###.#.##.##### #.#
..#.#.##.# #@#
<...#....# #5#
########## ..#
÷....÷.# ####
######.# #### #.#
...# #.# ##.# #.#
#.# #.#


You could see Grinder.

Vanquished Creatures
  An orc wizard (D:2)
  Ijyb (D:3)
  Terence (D:3)
  Natasha (twice) (D:3)
  3 adders (D:2)
  An ooze (D:1)
  2 worms
  3 dart slugs
  2 leopard geckos
  2 ball pythons (D:2)
  8 giant cockroaches
  9 goblins
  8 hobgoblins
  A quokka (D:2)
  6 bats
  3 frilled lizards
  5 kobolds
  23 rats
81 creatures vanquished.

Notes
Turn   | Place    | Note
-------+----------+-------------------------------------------
     0 | D:1      | ANON1729 the Octopode Earth Elementalist began the quest
                  | for the Orb.
     0 | D:1      | Reached XP level 1. HP: 11/11 MP: 3/3
   155 | D:1      | Reached XP level 2. HP: 13/17 MP: 5/5
   505 | D:1      | Learned a level 2 spell: Passwall
   679 | D:1      | Reached XP level 3. HP: 14/21 MP: 3/6
  1619 | D:2      | Found a shimmering blue altar of Sif Muna.
  1675 | D:2      | Found a faded altar of an unknown god.
  1907 | D:2      | Found an opulent altar of Gozag.
  1977 | D:2      | Found a sacrificial altar of Ru.
  1986 | D:2      | Reached XP level 4. HP: 25/27 MP: 6/8
  1989 | D:2      | Reached skill level 1 in Fighting
  2315 | D:2      | Reached skill level 1 in Short Blades
  2390 | D:2      | Reached XP level 5. HP: 33/33 MP: 9/9
  2558 | D:2      | Found a hide-covered altar of Uskayaw.
  2558 | D:2      | Found a bloodstained altar of Trog.
  2559 | D:2      | Found an iron altar of Okawaru.
  2793 | D:3      | Noticed Natasha
  2801 | D:3      | Killed Natasha
  2883 | D:3      | Noticed Terence
  2895 | D:3      | Learned a level 4 spell: Petrify
  2899 | D:3      | Learned a level 3 spell: Stone Arrow
  2946 | D:3      | Noticed Grinder
  3122 | D:3      | Noticed Natasha
  3132 | D:3      | Killed Natasha
  3374 | D:3      | Noticed Ijyb
  3427 | D:3      | Killed Ijyb
  3561 | D:3      | Killed Terence
  3561 | D:3      | Reached XP level 6. HP: 38/38 MP: 10/10
  3741 | D:3      | Paralysed by Grinder for 6 turns
  3744 | D:3      | Killed from afar by Grinder

Levels and vault maps discovered:
D:1:      elethiomel_arrival_infinity_welcomes_careful_drivers,
          layout_loops_ring
D:2:      layout_loops_ring, nicolae_gozag_cash_rules_everything_around_me,
          lemuel_blue_sif_altar, gammafunk_temple_overflow_claw,
          nicolae_ru_great_annihilating_truth, chequers_ecumenical_altar_simple,
          minmay_rat_hole
D:3:      layout_basic, uniq_terence, uniq_grinder, uniq_natasha, uniq_ijyb

Skill      XL: |  1  2  3  4  5 |
---------------+----------------+-----
Stealth        | 3 4 |  4.1
Fighting       | 1 |  1.6
Short Blades   | 1 |  1.4
Spellcasting   | 3 |  3.3
Earth Magic    | 4 |  4.2
Dodging        | |  2.7
Transmutations | |  1.2

Action                   |  1- 3 |  4- 6 || total
-------------------------+-------+-------++-------
Melee: Unarmed           |    39 |       ||    39
       Constrict         |    21 |    28 ||    49
       Dagger            |    52 |    77 ||   129
       Tentacles         |     9 |    12 ||    21
Throw: Stone             |     4 |       ||     4
 Cast: Sandblast         |     3 |     3 ||     6
       Passwall          |       |     3 ||     3
       Petrify           |       |     1 ||     1
Evoke: Wand              |       |     2 ||     2
 Stab: Sleeping          |     9 |    12 ||    21
       Petrified         |       |     4 ||     4
  Eat: Chunk             |     3 |     6 ||     9
Armor: Skin              |     4 |     2 ||     6
Dodge: Dodged            |    57 |    34 ||    91
